 Dungeon Crawl Stone Soup version 0.22-a0-877-g5c4e1af (webtiles) character file.

207386 Amnesiac the Earth Mage (level 18, -27/132 HPs)
             Began as a Mummy Earth Elementalist on July 29, 2018.
             Was the Champion of Vehumet.
             Annihilated by a stone giant (29 damage)
             ... on level 3 of the Depths.
             The game lasted 01:28:40 (29473 turns).

Amnesiac the Earth Mage (Mummy Earth Elementalist) Turns: 29473, Time: 01:28:41

Health: -27/132    AC: 20    Str: 15    XL:     18   Next: 47%
Magic:  57/59      EV: 16    Int: 32    God:    Vehumet [******]
Gold:   2872       SH:  7    Dex: 14    Spells: 23/56 levels left

rFire    . . .     SeeInvis .   a - +10 hand axe of Premature Burial {drain, Int+9 Stlth+}
rCold    . . .     Gourm    .   r - +2 buckler
rNeg     + + +     Faith    .   o - +6 ring mail "Poxt" {rCorr MP+9}
rPois    ∞         Spirit   .   f - +2 hat {Int+3}
rElec    .         Reflect  .   m - +2 cloak
rCorr    +         Harm     .   j - +2 pair of gloves {Str+3}
MR       ++...                  H - +0 pair of boots
Stlth    ++........             s - amulet of magic regeneration
HPRegen  0.32/turn              x - ring of magical power
MPRegen  0.61/turn              c - ring of fire

@: no status effects
A: no food or potions, fire vulnerability, cold resistance 1, negative energy
resistance 3, torment resistance, unbreathing, in touch with death 1
a: Renounce Religion


You were on level 3 of the Depths.
You worshipped Vehumet.
Vehumet was exalted by your worship.
You were not hungry.

You visited 5 branches of the dungeon, and saw 24 of its levels.
You also visited: Labyrinth.

You collected 4061 gold pieces.
You spent 1189 gold pieces at shops.

Inventory:

Hand Weapons
 a - the +10 hand axe of Premature Burial (weapon) {drain, Int+9 Stlth+}
   (You found it on level 9 of the Dungeon)

   A truly terrible weapon, it drains the life of those it strikes.
   It affects your intelligence (+9).
   It makes you more stealthy.
 L - a +4 blowgun
 T - the +9 mace of the Spheres {drain, +Rage rElec rPois rC+}
   (You found it on level 1 of the Depths)

   A truly terrible weapon, it drains the life of those it strikes.
   It protects you from cold.
   It insulates you from electricity.
   It protects you from poison.
   It lets you go berserk.
Missiles
 d - 712 stones (quivered)
Armour
 f - a +2 hat of intelligence (worn)
 j - a +2 pair of gloves of strength (worn)
 k - a scarf of spirit shield
 m - a +2 cloak (worn)
 o - the +6 ring mail "Poxt" (worn) {rCorr MP+9}
   (You found it on level 6 of the Dungeon)

   It affects your magic capacity (+9).
   It provides partial protection from all sources of acid and corrosion.
 r - a +2 buckler (worn)
 t - a scarf of cloud immunity
 H - a +0 pair of boots (worn)
 S - a +1 helmet of see invisible
Magical Staves
 b - an uncursed staff of energy
 R - an uncursed staff of wizardry
Jewellery
 c - a ring of fire (right hand)
 s - an amulet of magic regeneration (around neck)
 x - a ring of magical power (left hand)
 z - an uncursed ring of wizardry
 G - an uncursed amulet of guardian spirit
 O - a +4 amulet of reflection
Wands
 e - a wand of iceblast (27)
 g - a wand of disintegration (92)
 u - a wand of flame (70)
 w - a wand of scattershot (3)
 A - a wand of random effects (65)
 C - a wand of enslavement (25)
 D - a wand of acid (20)
 F - a wand of paralysis (54)
 M - a wand of polymorph (14)
 P - a wand of digging (10)
Scrolls
 h - 11 scrolls of remove curse {!r}
 i - 2 scrolls of teleportation {!r}
 l - 5 scrolls of enchant weapon {!r}
 n - 5 scrolls of enchant armour {!r}
 p - 11 scrolls of magic mapping {!r}
 q - 5 scrolls of fog {!r}
 v - 5 scrolls of identify {!r}
 y - a scroll of fear {!r}
 B - 3 scrolls of amnesia {!r}
 N - a scroll of blinking {!r}
 Q - a scroll of brand weapon {!r}
 X - 2 scrolls of silence {!r}
Miscellaneous
 E - a phial of floods
 I - 2 boxes of beasts
 J - 3 phantom mirrors
 K - a lightning rod (4/4)
 U - a crystal ball of energy
 V - a phial of floods


   Skills:
 - Level 9.0 Fighting
 - Level 9.0 Dodging
 - Level 1.5 Stealth
 - Level 4.4 Shields
 + Level 19.6 Spellcasting
 - Level 4.0 Conjurations
 - Level 0.7 Transmutations
 * Level 19.7 Earth Magic
 - Level 4.0 Evocations


You had 23 spell levels left.
You knew the following spells:

 Your Spells              Type           Power        Failure   Level  Hunger
a - Iron Shot             Conj/Erth      #######...   1%          6    N/A
b - Passwall              Tmut/Erth      #######.     1%          2    N/A
c - Sandblast             Erth           ######       0%          1    N/A
d - Lee's Rapid Deconstr  Erth           ########..   0%          5    N/A
e - Petrify               Tmut/Erth      #######.     1%          4    N/A
f - Stone Arrow           Conj/Erth      ######       1%          3    N/A
g - Bolt of Magma         Conj/Fire/Erth #######...   1%          5    N/A
v - Blink                 Tloc           N/A          3%          2    N/A
w - Yara's Violent Unrav  Hex/Tmut       ####......   14%         5    N/A

Your spell library contained the following spells:

 Spells                   Type           Power        Failure   Level  Hunger
 Magic Dart               Conj           ####         1%          1    N/A
 Conjure Flame            Conj/Fire      ######..     1%          3    N/A
 Bolt of Cold             Conj/Ice       #####.....   36%         6    N/A
 Slow                     Hex            ####....     3%          2    N/A
 Confuse                  Hex            ####....     7%          3    N/A
 Throw Frost              Conj/Ice       #####.       1%          2    N/A
 Freezing Cloud           Conj/Ice/Air   #####.....   43%         6    N/A
 Mephitic Cloud           Conj/Pois/Air  #####...     1%          3    N/A
 Venom Bolt               Conj/Pois      #####.....   7%          5    N/A
 Olgreb's Toxic Radiance  Pois           ####....     6%          4    N/A
 Teleport Other           Tloc           ####....     7%          3    N/A
 Animate Dead             Necr           N/A          22%         4    N/A
 Pain                     Necr           ####         2%          1    N/A
 Animate Skeleton         Necr           N/A          2%          1    N/A
 Vampiric Draining        Necr           #####.....   7%          3    N/A
 Freeze                   Ice            ####         1%          1    N/A
 Ozocubu's Refrigeration  Ice            ####......   63%         6    N/A
 Summon Ice Beast         Ice/Summ       ####....     22%         4    N/A
 Ozocubu's Armour         Chrm/Ice       ####....     7%          3    N/A
 Call Imp                 Summ           ####....     3%          2    N/A
 Regeneration             Chrm/Necr      #####.....   7%          3    N/A
 Sting                    Conj/Pois      ####         1%          1    N/A
 Tukima's Dance           Hex            ####....     7%          3    N/A
 Ice Form                 Ice/Tmut       ####....     19%         4    N/A
 Throw Icicle             Conj/Ice       #####...     2%          4    N/A
 Shadow Creatures         Summ           N/A          98%         6    N/A
 Confusing Touch          Hex            ####..       2%          1    N/A
 Call Canine Familiar     Summ           ####....     7%          3    N/A
 Ensorcelled Hibernation  Hex/Ice        ####..       3%          2    N/A
 Metabolic Englaciation   Hex/Ice        ####......   54%         5    N/A
 Corona                   Hex            ####...      2%          1    N/A
 Simulacrum               Ice/Necr       #####.....   98%         6    N/A
 Passage of Golubria      Tloc           N/A          22%         4    N/A
 Shroud of Golubria       Chrm/Tloc      ####......   3%          2    N/A
 Dazzling Spray           Conj/Hex       #####.       1%          3    N/A
 Gell's Gravitas          Tloc           ####......   7%          3    N/A
 Lesser Beckoning         Tloc           ####......   7%          3    N/A
 Poisonous Vapours        Pois/Air       ####..       3%          2    N/A

Dungeon Overview and Level Annotations

Branches:
Dungeon (15/15)            Temple (1/1) D:4            Lair (0/6) D:8
    Orc (2/2) D:11            Elf (3/3) Orc:2        Vaults (0/5) D:14
 Depths (3/5) D:15

Altars:
Ashenzari
Cheibriados
Dithmenos
Elyvilon
Fedhas
Gozag
Hepliaklqana
Kikubaaqudgha
Makhleb
Nemelex Xobeh
Okawaru
Qazlal
Ru
Sif Muna
Trog
Uskayaw
Vehumet
Wu Jian
Xom
Yredelemnul
Zin
The Shining One
Beogh
Lugonu

Shops:
D:6 %   D:10 =   Orc:2 [=[(*   Elf:3 :   Depths:2 }*

Portals:
Hell: Depths:1 Depths:2
Abyss: Depths:1
Bazaar: Elf:1


Innate Abilities, Weirdness & Mutations

You do not eat or drink.
Your flesh is vulnerable to fire.
You are immune to poison.
Your flesh is cold resistant. (rC+)
You are immune to negative energy. (rN+++)
You are immune to unholy pain and torment.
You can survive without breathing.
You are in touch with the powers of death.


Message History

Aiming: Iron Shot (safe; 1% risk of failure)
Press: ? - help, Shift-Dir - straight line, f/p - iron dragon
Aim: an iron dragon (almost dead)
The iron shot hits the iron dragon.
You kill the iron dragon!
Vehumet accepts your kill.
You feel your power returning.
You start resting.
Magic restored.
A stone giant comes into view.
A spark wasp comes into view.
Things that are here:
a dire flail; a great mace The spark wasp buzzes angrily.
The stone giant shouts!
You hear a shout! x2
The stone giant throws a large rock.
The large rock hits you!!
A lich comes into view.
You hear a shout!
Things that are here:
a large rock; a dire flail of draining; a dire flail
There are monsters nearby!
The stone giant throws a large rock.
The large rock hits you!
Things that are here:
a large rock; a dire flail; a great mace Evoke which item? (* to show all) (? for menu, Esc to quit)
Okay, then.
Evoke which item? (* to show all) (? for menu, Esc to quit)
Aiming: Enslavement
Press: ? - help, Shift-Dir - straight line, f - spark wasp
Aim: a spark wasp (chance to defeat MR: 40%)
The spark wasp resists with some effort.
Evoke which item? (* to show all) (? for menu, Esc to quit)
Aiming: Enslavement
Press: ? - help, Shift-Dir - straight line, f/p - spark wasp
Aim: a spark wasp (chance to defeat MR: 40%)
The spark wasp resists with some effort.
The spark wasp stings you. The spark wasp shocks you!
The spark wasp misses you.
Evoke which item? (* to show all) (? for menu, Esc to quit)
Aiming: Enslavement
Press: ? - help, Shift-Dir - straight line, f/p - spark wasp
Aim: a spark wasp (chance to defeat MR: 40%)
The spark wasp resists with some effort.
The spark wasp misses you.
Evoke which item? (* to show all) (? for menu, Esc to quit)
Aiming: Enslavement
Press: ? - help, Shift-Dir - straight line, f/p - spark wasp
Aim: a spark wasp (chance to defeat MR: 40%)
The spark wasp resists with some effort.
The spark wasp stings you! The spark wasp shocks you!
* * * LOW HITPOINT WARNING * * *
The spark wasp stings you!
* * * LOW HITPOINT WARNING * * *
The spark wasp shocks you!
* * * LOW HITPOINT WARNING * * *
Evoke which item? (* to show all) (? for menu, Esc to quit)
Aiming: Enslavement
Press: ? - help, Shift-Dir - straight line, f/p - spark wasp
Aim: a spark wasp (chance to defeat MR: 40%)
The spark wasp resists with some effort.
The spark wasp stings you!
* * * LOW HITPOINT WARNING * * *
The spark wasp shocks you!
* * * LOW HITPOINT WARNING * * *
The stone giant hits you!!
You die...

.............#
§.....######.##
.....## #..#####
.....# ##.....#
.....# #..###.#
....## #......#
...## ###......#
...# #.....#..#
..## #####.....#@.#
.#####......####yC#
............#..(..#
.........####.L...#
.........#.....#..#
......####.....#..#
......#.....####..#
...####..L.. ...#
..## ..## ...#


You could see a stone giant, a lich and a spark wasp.

Vanquished Creatures
  A juggernaut (Depths:2)
  A tentacled monstrosity (Depths:1)
  2 deep elf blademasters (Elf:3)
  2 deep elf master archers
  A sphinx (Depths:1)
  Gastronok (D:9)
  An azure jelly (shapeshifter) (Depths:2)
  A storm dragon (Depths:2)
  A shadow dragon (Depths:2)
  2 frost giants
  An azure jelly (Depths:3)
  6 deep elf sorcerers
  An orc warlord (Orc:2)
  An iron dragon (Depths:3)
  6 deep elf elementalists (Elf:3)
  6 very ugly things (Depths:1)
  5 stone giants
  A vampire knight (Depths:2)
  Nessos (D:12)
  10 deep elf demonologists
  10 deep elf annihilators
  A minotaur (Lab)
  A death ooze (Depths:3)
  8 deep elf death magi (Elf:3)
  3 fire dragons
  The ghost of Aqirch the Carver, a journeyman HuFi of Wu Jian (D:13)
  4 ettins
  3 yaktaur captains
  9 deep elf high priests (Elf:3)
  Erolcha (Orc:1)
  3 great orbs of eyes
  A rakshasa (Depths:2)
  4 spriggan air magi
  3 hydras
  4 ice dragons
  3 centaur warriors
  2 death knights
  2 deep troll shamans (Depths:1)
  2 ogre magi
  13 two-headed ogres
  6 orc high priests
  24 dancing weapons
  A tengu warrior (D:8)
  2 vampire magi
  5 spriggan berserkers (Depths:2)
  16 deep elf knights
  A shock serpent (shapeshifter) (Depths:2)
  2 iron trolls (Depths:1)
  5 unseen horrors
  5 skeletal warriors (D:14)
  A deep troll (Depths:1)
  5 wizards
  16 deep elf archers
  An obsidian statue (D:13)
  Pikel (D:9)
  5 orc knights
  A necromancer (D:15)
  5 cyclopes
  4 orc sorcerers
  44 deep elf magi
  18 ugly things
  A guardian serpent (Depths:1)
  An ice statue (D:13)
  A gargoyle (D:11)
  2 komodo dragons (shapeshifter)
  A komodo dragon (D:15)
  A kobold demonologist (D:13)
  10 yaktaurs
  A yaktaur (shapeshifter) (Depths:2)
  A troll (shapeshifter) (Depths:2)
  A minotaur skeleton (Lab)
  A jumping spider (shapeshifter) (Depths:2)
  3 tengu conjurers
  A meliai (shapeshifter) (Depths:2)
  7 trolls
  11 slime creatures
  4 hornets
  A wolf spider simulacrum (D:15)
  A hippogriff (shapeshifter) (Depths:2)
  4 hippogriffs
  2 dream sheep (D:10)
  A meliai zombie (D:15)
  A shadow (D:14)
  2 air elementals (Elf:3)
  3 spriggans (Depths:2)
  Sigmund (D:6)
  A tarantella (shapeshifter) (Depths:2)
  16 redbacks
  2 wyverns
  2 water elementals
  2 wraiths (D:14)
  A basilisk (D:15)
  22 yaks
  3 fire elementals
  A hungry ghost (Lab)
  2 vampire mosquitoes (D:12)
  A water moccasin (D:8)
  6 wargs (Orc:2)
  An acid dragon (D:15)
  A swamp drake (D:11)
  An eye of draining (D:13)
  4 slaves (D:9)
  2 black bears
  9 ice beasts
  4 phantoms
  14 ogres
  2 necrophages (D:13)
  29 orc warriors
  4 centaurs
  2 boggarts (Elf:1)
  8 big kobolds
  9 bullfrogs
  Blork the orc (D:4)
  A wyvern zombie (D:10)
  3 earth elementals
  4 scorpions
  9 killer bees
  An oklob sapling (D:4)
  A howler monkey (D:4)
  5 crimson imps
  A bullfrog zombie (D:5)
  2 centaur zombies
  7 hounds
  An iron imp (Depths:1)
  6 jellies
  20 orc priests
  3 bullfrog skeletons
  4 centaur skeletons
  29 orc wizards
  Crazy Yiuf (D:4)
  Ijyb (D:3)
  3 iguanas
  14 worker ants
  2 hound skeletons
  Robin (D:3)
  A howler monkey skeleton (D:5)
  14 adders
  3 gnolls (D:5)
  4 river rats (D:3)
  2 shadow imps
  2 oozes
  An adder zombie (D:6)
  A worm (D:3)
  6 dart slugs
  4 leopard geckos
  74 orcs
  A ball python (D:4)
  7 giant cockroaches
  18 goblins
  12 hobgoblins
  15 jackals
  19 kobolds
  4 quokkas
  6 bats
  4 frilled lizards
  A jackal skeleton (D:5)
  3 quokka skeletons
  A quokka zombie (D:9)
  11 rats
  4 crawling corpses (Elf:3)
  5 plants
852 creatures vanquished.

Vanquished Creatures (others)
  A fungus (Orc:2)
  A plant (D:10)
2 creatures vanquished.

Grand Total: 854 creatures vanquished

Notes
Turn   | Place    | Note
-------+----------+-------------------------------------------
     0 | D:1      | Amnesiac the Mummy Earth Elementalist began the quest for the Orb.
     0 | D:1      | Reached XP level 1. HP: 13/13 MP: 4/4
   197 | D:2      | Reached XP level 2. HP: 5/19 MP: 1/5
   412 | D:3      | Noticed Robin
   422 | D:2      | Reached XP level 3. HP: 14/24 MP: 4/7
  1038 | D:3      | Killed Robin
  1047 | D:3      | Reached XP level 4. HP: 9/30 MP: 1/9
  1283 | D:3      | Learned a level 2 spell: Passwall
  1287 | D:3      | Learned a level 3 spell: Stone Arrow
  1292 | D:3      | Learned a level 4 spell: Petrify
  1420 | D:4      | Noticed Blork the orc
  1423 | D:3      | Reached XP level 5. HP: 35/35 MP: 6/11
  1827 | D:4      | Killed Blork the orc
  1827 | D:4      | Reached skill level 5 in Earth Magic
  1827 | D:4      | Reached XP level 6. HP: 41/41 MP: 7/13
  1846 | D:4      | Reached skill level 5 in Spellcasting
  1876 | D:4      | Learned a level 5 spell: Lee's Rapid Deconstruction
  1962 | D:4      | Noticed Ijyb
  1978 | D:4      | Paralysed by Ijyb for 3 turns
  2001 | D:3      | Paralysed by Ijyb for 6 turns
  2011 | D:3      | Paralysed by Ijyb for 4 turns
  2018 | D:3      | Paralysed by Ijyb for 6 turns
  2091 | D:3      | Killed Ijyb
  2246 | D:4      | Found a staircase to the Ecumenical Temple.
  2531 | D:4      | Reached XP level 7. HP: 46/46 MP: 15/15
  2540 | Temple   | Entered the Ecumenical Temple
  2581 | Temple   | Became a worshipper of Vehumet
  3380 | D:2      | Reached * piety under Vehumet
  3380 | D:2      | Offered knowledge of Shock by Vehumet.
  4569 | D:4      | Found a runed door.
  4697 | D:4      | Noticed Crazy Yiuf
  4701 | D:4      | Killed Crazy Yiuf
  4744 | D:5      | Entered Level 5 of the Dungeon
  4748 | D:5      | Offered knowledge of Flame Tongue by Vehumet.
  4871 | D:5      | Found a deep blue altar of Sif Muna.
  4956 | D:5      | Reached ** piety under Vehumet
  5143 | D:5      | Reached XP level 8. HP: 49/52 MP: 2/18
  5883 | D:6      | Found Idikhlass's Food Boutique.
  5991 | D:6      | Noticed Sigmund
  5993 | D:6      | Killed Sigmund
  5993 | D:6      | Offered knowledge of Mephitic Cloud by Vehumet.
  6198 | D:6      | Got a topaz-studded ring mail
  6706 | D:7      | You fall through a shaft!
  6721 | D:8      | Noticed a tengu warrior
  6721 | D:8      | Noticed a tengu conjurer
  6879 | D:7      | Noticed a hippogriff
  6882 | D:7      | Killed a hippogriff
  6882 | D:7      | Reached *** piety under Vehumet
  6882 | D:7      | Reached XP level 9. HP: 57/57 MP: 15/21
  7567 | D:8      | Offered knowledge of Throw Icicle by Vehumet.
  7856 | D:8      | Found a staircase to the Lair.
  8087 | D:8      | Noticed a two-headed ogre
  8096 | D:8      | Killed a two-headed ogre
  8096 | D:8      | Reached skill level 10 in Spellcasting
  8096 | D:8      | Reached skill level 10 in Earth Magic
  8096 | D:8      | Reached XP level 10. HP: 60/63 MP: 11/24
  8285 | D:8      | Killed a tengu warrior
  8370 | D:9      | Got a jewelled hand axe
  8371 | D:9      | Identified the +10 hand axe of Premature Burial {drain, Int+9 Stlth+} (You found it on level 9 of the Dungeon)
  8384 | D:9      | Identified the +6 ring mail "Poxt" {rCorr MP+9} (You found it on level 6 of the Dungeon)
  8426 | D:9      | Reached **** piety under Vehumet
  8468 | D:9      | Offered knowledge of Force Lance by Vehumet.
  8897 | D:9      | Noticed Gastronok
  8919 | D:9      | Killed Gastronok
  9154 | D:9      | Noticed Pikel
  9158 | D:9      | Killed Pikel
  9270 | D:10     | Entered Level 10 of the Dungeon
  9274 | D:10     | Killed an unseen horror
  9274 | D:10     | Reached XP level 11. HP: 53/68 MP: 26/26
  9358 | D:10     | Reached skill level 1 in Fighting
  9525 | D:10     | Noticed a two-headed ogre
  9527 | D:10     | Killed a two-headed ogre
  9561 | D:10     | Found Beavvol's Jewellery Shop.
  9568 | D:10     | Reached ***** piety under Vehumet
  9575 | D:10     | Offered knowledge of Iron Shot by Vehumet.
  9587 | D:10     | Learned a level 6 spell: Iron Shot
  9592 | D:10     | Bought an uncursed ring of fire for 300 gold pieces
  9668 | D:10     | Noticed a three-headed hydra
  9675 | D:10     | Killed a three-headed hydra
  9826 | D:10     | Found a shadowy altar of Dithmenos.
 10224 | D:11     | Noticed a white ugly thing
 10231 | D:11     | Killed a white ugly thing
 10291 | D:11     | Learned a level 2 spell: Blink
 10895 | D:11     | Killed an unseen horror
 10895 | D:11     | Reached skill level 1 in Shields
 10989 | D:11     | Killed an unseen horror
 11031 | D:11     | Found a staircase to the Orcish Mines.
 11045 | D:11     | Reached XP level 12. HP: 79/83 MP: 28/28
 11211 | Orc:1    | Entered Level 1 of the Orcish Mines
 11367 | Orc:2    | Entered Level 2 of the Orcish Mines
 11404 | Orc:2    | Noticed an orc high priest
 11405 | Orc:2    | Noticed an orc high priest
 11413 | Orc:2    | Found Pimes's Armour Boutique.
 11425 | Orc:2    | Killed an orc high priest
 11431 | Orc:2    | Killed an orc high priest
 11431 | Orc:2    | Reached skill level 1 in Conjurations
 11494 | Orc:2    | Found Asek's Antique Weapon Emporium.
 11502 | Orc:2    | Noticed an orc high priest
 11519 | Orc:2    | Killed an orc high priest
 11561 | Orc:2    | Noticed an orc high priest
 11576 | Orc:2    | Killed an orc high priest
 11657 | Orc:2    | Found Tyobuaf's General Store.
 11795 | Orc:2    | Noticed an orc high priest
 11803 | Orc:2    | Killed an orc high priest
 11917 | Orc:2    | Noticed a two-headed ogre
 11920 | Orc:2    | Killed a two-headed ogre
 12008 | Orc:2    | Found Amuce's Jewellery Shop.
 12153 | Orc:2    | Found a staircase to the Elven Halls.
 12256 | Orc:2    | Noticed an orc warlord
 12355 | Orc:2    | Killed an orc warlord
 12491 | Orc:2    | Found Vaca's Antique Armour Shoppe.
 12785 | Orc:1    | Noticed Erolcha
 12787 | Orc:1    | Offered knowledge of Conjure Ball Lightning by Vehumet.
 12858 | Orc:1    | Noticed an orc high priest
 12868 | Orc:2    | Gained mutation: You are in touch with the powers of death. [Mummy growth]
 12868 | Orc:2    | Reached XP level 13. HP: 72/88 MP: 30/30
 12947 | Orc:1    | Killed Erolcha
 13386 | Orc:1    | Found a roughly hewn altar of Beogh.
 13542 | Orc:2    | Bought a dazzling leather armour for 252 gold pieces
 13552 | Orc:2    | Identified the +0 leather armour "Ehu Omuisy" {rN+ Slay+4} (You bought it in a shop on level 2 of the Orcish Mines)
 13606 | Orc:2    | Bought a +2 buckler for 247 gold pieces
 13640 | Orc:2    | Bought an uncursed ring of wizardry for 390 gold pieces
 13667 | Elf:1    | Entered Level 1 of the Elven Halls
 13667 | Elf:1    | Noticed a deep elf demonologist
 13671 | Elf:1    | Reached skill level 1 in Evocations
 13672 | Elf:1    | Killed a deep elf demonologist
 13829 | Elf:1    | Noticed a deep elf annihilator
 13933 | Elf:1    | Reached skill level 5 in Dodging
 13940 | Elf:1    | Killed a deep elf annihilator
 14493 | Elf:1    | Reached XP level 14. HP: 95/95 MP: 32/32
 14758 | Elf:1    | Found a gateway to a bazaar.
 14892 | Elf:2    | Reached skill level 5 in Fighting
 14895 | Elf:2    | Noticed a deep elf sorcerer
 14897 | Elf:2    | Killed a deep elf sorcerer
 15269 | Elf:2    | Found a huge runed gate.
 15269 | Elf:2    | Found a huge runed gate.
 15269 | Elf:2    | Found a huge runed gate.
 15272 | Elf:2    | Found a huge runed gate.
 15289 | Elf:2    | Found a huge runed gate.
 15899 | Elf:2    | Reached ****** piety under Vehumet
 16142 | Elf:2    | Reached XP level 15. HP: 113/113 MP: 25/33
 16463 | Elf:3    | Entered Level 3 of the Elven Halls
 16465 | Elf:3    | Noticed a deep elf sorcerer
 16468 | Elf:3    | Reached skill level 15 in Earth Magic
 16470 | Elf:3    | Killed a deep elf sorcerer
 16471 | Elf:3    | Reached skill level 15 in Spellcasting
 16772 | Elf:3    | Noticed a deep elf master archer
 16781 | Elf:2    | HP: 2/113 [deep elf master archer/arrow (8)]
 16782 | Elf:2    | Killed a deep elf master archer
 17181 | Elf:3    | Noticed an Executioner
 17185 | Elf:3    | Noticed a deep elf sorcerer
 17188 | Elf:3    | Killed a deep elf sorcerer
 17323 | Elf:3    | Killed a deep elf blademaster
 17327 | Elf:3    | Killed a deep elf sorcerer
 17435 | Elf:3    | Killed a deep elf sorcerer
 17532 | Elf:3    | Offered knowledge of Bolt of Magma by Vehumet.
 18185 | Elf:3    | Reached XP level 16. HP: 120/120 MP: 36/36
 18294 | Elf:3    | Noticed a deep elf blademaster
 18296 | Elf:3    | Killed a deep elf blademaster
 18323 | Elf:3    | Noticed a deep elf master archer
 18334 | Elf:3    | Killed a deep elf master archer
 18841 | Elf:3    | Got a translucent plate armour
 18988 | Elf:3    | Noticed an Ice Fiend
 19039 | Elf:3    | Found Xaluz's Book Emporium.
 19051 | Elf:3    | Learned a level 5 spell: Bolt of Magma
 19157 | Elf:3    | Got a slimy hunting sling
 19198 | Elf:3    | Identified the Grimoire of the Creative Snowflakes
 19225 | Elf:3    | Got a bloodstained trident
 19234 | Elf:3    | Got a bloodstained troll leather armour
 19242 | Elf:3    | Identified the +7 hunting sling "Jaigiott" {venom, Fragile rPois rN++} (You found it on level 3 of the Elven Halls)
 19244 | Elf:3    | Identified the +7 trident of Mastery {drain, Str+3} (You found it on level 3 of the Elven Halls)
 19246 | Elf:3    | Identified the +1 troll leather armour of Oblivion {rElec Regen+ SInv} (You found it on level 3 of the Elven Halls)
 19258 | Elf:3    | Identified the +8 plate armour "Bawaefij" {Int+5} (You took it off a deep elf high priest on level 3 of the Elven Halls)
 20030 | D:12     | Noticed Nessos
 20041 | D:12     | Killed Nessos
 21220 | D:13     | Found a labyrinth entrance.
 21230 | Lab      | Entered a labyrinth
 21717 | Lab      | Offered knowledge of Orb of Destruction by Vehumet.
 21815 | Lab      | Got an ichor-stained dagger
 21815 | Lab      | Got a bloodstained robe
 21845 | D:13     | Identified the +2 robe of the Endless Coins {rF+ rC- Str+2} (You found it in a labyrinth)
 22372 | D:13     | Found a runed door.
 22379 | D:13     | Noticed Aqirch's ghost (journeyman HuFi)
 22843 | D:13     | Killed Aqirch's ghost
 22891 | D:13     | Identified the cursed +1 dagger of Hocaup {freeze, rC+} (You found it in a labyrinth)
 23062 | D:14     | Found a gate to the Vaults.
 23204 | D:14     | Reached XP level 17. HP: 125/125 MP: 38/38
 23444 | D:15     | Entered Level 15 of the Dungeon
 24262 | D:15     | Found a staircase to the Depths.
 24306 | Depths:1 | Entered Level 1 of the Depths
 24425 | Depths:1 | Noticed a tentacled monstrosity
 24429 | Depths:1 | Killed a tentacled monstrosity
 24587 | Depths:1 | Found a corrupted altar of Lugonu.
 24591 | Depths:1 | Found a one-way gate to the infinite horrors of the Abyss.
 24899 | Depths:1 | Offered knowledge of Bolt of Fire by Vehumet.
 25030 | Depths:1 | Learned a level 5 spell: Yara's Violent Unravelling
 25730 | Depths:1 | Got a fine mace
 25757 | Depths:1 | Identified the +9 mace of the Spheres {drain, +Rage rElec rPois rC+} (You found it on level 1 of the Depths)
 26313 | Depths:1 | Found a gateway to Hell.
 26390 | Depths:2 | Identified a paperback manual
 26503 | Depths:2 | Noticed a juggernaut
 26819 | Depths:2 | Found Efidim's Gadget Shoppe.
 27468 | Depths:2 | Reached XP level 18. HP: 77/132 MP: 27/41
 28452 | Depths:2 | Killed a juggernaut
 28465 | Depths:2 | Found Abuvvur's Blood Bar.
 28951 | Depths:3 | Paralysed by a great orb of eyes for 3 turns
 28955 | Depths:3 | Offered knowledge of Poison Arrow by Vehumet.
 29466 | Depths:3 | Noticed a lich
 29473 | Depths:3 | HP: 2/132 [spark wasp (12)]
 29473 | Depths:3 | Annihilated by a stone giant

Vault maps used:
D:1:      grunt_arrival_crossed_arrows, minmay_tall_x
D:3:      first_ration, lightli_sewer_entry_pipes, uniq_robin
D:4:      minmay_temple_entry_oklob, serial_bayou_pond_d, uniq_blork_the_orc,
          uniq_ijyb, uniq_crazy_yiuf_cottage
D:5:      kennysheep_little_box
D:6:      serial_shops, shop, feat_on_display, uniq_sigmund
D:8:      grunt_lair_entry_orc_guard_hut
D:9:      uniq_pikel, uniq_gastronok
D:10:     serial_shops, shop, hangedman_ranch,
          nicolae_dithmenos_through_a_glass_darkly
D:11:     erik_orc_1, roderic_lattice_a
D:12:     uniq_nessos
D:13:     minmay_separated_statues, ebering_ghost_reflecting_pool,
          lab_entry_generic
D:14:     david_vaults_2, small_statue_intersection
D:15:     grunt_enter_depths_magical_seal
Temple:   kilobyte_greek_temple
Orc:1:    basic_altar, uniq_erolcha
Orc:2:    grunt_orc_gardens, grunt_orc_garden, grunt_orc_garden,
          grunt_orc_garden, grunt_orc_garden, serial_shops, shop
Elf:1:    eino_elf_arrival_shootout, serial_shops, bzr_entry_road,
          hangedman_elf_disciples, spider_trap
Elf:2:    small_statue_intersection
Elf:3:    nooodl_elf_gasket, serial_shops, shop, spider_trap
Depths:1: abyss_entry_flame_altar, grunt_hell_entry_dis_mu,
          minmay_misc_feat_plants, grunt_ministairs_6,
          fake_guardian_serpent_vault
Depths:2: nicolae_legendary_halls, serial_shops, shop, minmay_misc_feat_encased,
          hell_entry, guppyfry_shop_blood, infiniplex_staircase_star
Depths:3: minmay_stepped, hell_entry, minmay_misc_feat_four_crosses,
          rand_demon_pan_entry_8, special_room, kennysheep_generic_room_7
Lab:      lab_block, nicolae_lab_garden, labyrinth_skeletal_remains,
          nicolae_lab_arrow

Skill      XL: |  1  2  3  4  5  6  7  8  9 10 11 12 13 14 15 16 17 |
---------------+----------------------------------------------------+-----
Earth Magic    | 3 4 5 6 8 10 11 12 13 14 16 17 19 | 19.7
Spellcasting   | 3 4 5 6 8 10 11 12 13 14 16 17 19 | 19.6
Dodging        | 4 7 8 9 |  9.0
Fighting       | 4 9 |  9.0
Shields        | 2 4 |  4.4
Conjurations   | 4 |  4.0
Evocations     | 4 |  4.0
Stealth        | |  1.5
Transmutations | |  0.7

Action                   |  1- 3 |  4- 6 |  7- 9 | 10-12 | 13-15 | 16-18 || total
-------------------------+-------+-------+-------+-------+-------+-------++-------
Melee: Unarmed           |     1 |       |       |       |       |       ||     1
       Hand axe          |       |       |       |     9 |    12 |    51 ||    72
 Fire: Hunting sling     |    16 |    58 |   152 |       |       |       ||   226
Throw: Stone             |       |       |       |     1 |       |       ||     1
 Cast: Sandblast         |    41 |    44 |     3 |       |       |       ||    88
       Stone Arrow       |       |    18 |   166 |   134 |       |       ||   318
       Lee's Rapid Decon |       |       |    30 |   143 |   317 |   343 ||   833
       Petrify           |       |       |     2 |     4 |       |    13 ||    19
       Iron Shot         |       |       |       |    29 |    13 |   199 ||   241
       Blink             |       |       |       |     1 |     4 |     5 ||    10
       Passwall          |       |       |       |       |       |    10 ||    10
       Yara's Violent Un |       |       |       |       |       |     6 ||     6
Evoke: Wand              |       |     1 |     1 |       |       |     5 ||     7
       Phial of floods   |       |       |       |       |     1 |       ||     1
  Use: Scroll            |       |     2 |     7 |     4 |     6 |    17 ||    36
 Stab: Sleeping          |       |       |       |       |       |     1 ||     1
Armor: Robe              |    15 |     8 |    31 |       |       |       ||    54
       Ring mail         |       |       |       |    38 |    26 |    48 ||   112
Dodge: Dodged            |    63 |    20 |    67 |    35 |    39 |    82 ||   306
Block: Buckler           |       |       |       |     3 |    22 |    27 ||    52

Table legend:
 A = Spawn XP
 B = Non-spawn XP
 C = Spawn XP percentage of total XP
 D = Spawn monster count
 E = Non-spawn monster count
 F = Spawn count percentage of total count
 G = Total turns spent on level
                    A         B        C        D         E        F      G
               +---------+---------+-------+---------+---------+-------+---------
         Total |       0 |  330967 |   0.0 |       0 |     839 |   0.0 | 29473
               +---------+---------+-------+---------+---------+-------+---------
           D:1 |       0 |      45 |   0.0 |       0 |      26 |   0.0 |   660
           D:2 |       0 |      88 |   0.0 |       0 |      30 |   0.0 |  1315
           D:3 |       0 |     309 |   0.0 |       0 |      44 |   0.0 |  1696
           D:4 |       0 |     589 |   0.0 |       0 |      22 |   0.0 |   991
           D:5 |       0 |     690 |   0.0 |       0 |      29 |   0.0 |   991
           D:6 |       0 |     733 |   0.0 |       0 |      11 |   0.0 |   829
           D:7 |       0 |     410 |   0.0 |       0 |      12 |   0.0 |   804
           D:8 |       0 |    4007 |   0.0 |       0 |      32 |   0.0 |   996
           D:9 |       0 |    4085 |   0.0 |       0 |      32 |   0.0 |   906
          D:10 |       0 |    7137 |   0.0 |       0 |      54 |   0.0 |   882
          D:11 |       0 |    4414 |   0.0 |       0 |      35 |   0.0 |  1170
          D:12 |       0 |    9342 |   0.0 |       0 |      54 |   0.0 |  1103
          D:13 |       0 |    9800 |   0.0 |       0 |      29 |   0.0 |  1136
          D:14 |       0 |    8609 |   0.0 |       0 |      21 |   0.0 |   526
          D:15 |       0 |   14645 |   0.0 |       0 |      33 |   0.0 |   957
         Orc:1 |       0 |    5233 |   0.0 |       0 |      25 |   0.0 |   799
         Orc:2 |       0 |   14533 |   0.0 |       0 |      50 |   0.0 |  1935
         Elf:1 |       0 |   26470 |   0.0 |       0 |      46 |   0.0 |  1153
         Elf:2 |       0 |   38507 |   0.0 |       0 |      52 |   0.0 |  2815
         Elf:3 |       0 |   81078 |   0.0 |       0 |      80 |   0.0 |  2061
      Depths:1 |       0 |   38005 |   0.0 |       0 |      44 |   0.0 |  1989
      Depths:2 |       0 |   40397 |   0.0 |       0 |      44 |   0.0 |  2557
      Depths:3 |       0 |   20111 |   0.0 |       0 |      31 |   0.0 |   526
           Lab |       0 |    1730 |   0.0 |       0 |       3 |   0.0 |   594
               +---------+---------+-------+---------+---------+-------+---------
